 Dungeon Crawl Stone Soup version 0.28.0-53-g5a82cb258f (webtiles) character file.

Game seed: 16494271201458235102

117408 Kaptain the Earth Mage (level 16, 0/162 HPs)
             Began as a Gargoyle Earth Elementalist on July 13, 2022.
             Slain by a salamander
             ... wielding a +3 vorpal spear
              (3 damage)
             ... on level 3 of the Snake Pit.
             The game lasted 01:06:32 (41199 turns).

Kaptain the Earth Mage (GrEE)                      Turns: 41199, Time: 01:06:33

Health: 0/162      AC: 31    Str: 21    XL:     16   Next: 74%
Magic:  2/33       EV:  9    Int: 21    God:
Gold:   1028       SH:  9    Dex: 15    Spells: 31/41 levels left

rFire   . . .      SeeInvis .   w - +10 falchion "Pauhuado" {drain, rN++}
rCold   . . .      Faith    .   u - +0 kite shield of Cupsag {rElec Dex+3}
rNeg    + + +      Spirit   .   d - +1 swamp dragon scales
rPois   ∞          Reflect  .   G - +2 helmet
rElec   +          Harm     .   Y - +0 cloak
rCorr   .          Rampage  .   z - +0 pair of gloves
Will    ++...      Rnd*Tele +   s - +0 pair of boots
Stlth   ..........              U - amulet of the acrobat
HPRegen 0.37/turn               b - +6 ring of strength
MPRegen 0.23/turn               Q - ring of willpower

@: berserking, flying, very quick
A: sickness immunity, AC +12, big wings, negative energy resistance 1,
electricity resistance, torment resistance 1, petrification resistance, agile 1,
teleportitis 1
a: no special abilities


You were on level 3 of the Snake Pit.
You visited 5 branches of the dungeon, and saw 23 of its levels.

You collected 2022 gold pieces.
You spent 994 gold pieces at shops.

Inventory:

Hand Weapons
 w - the +10 falchion "Pauhuado" (weapon) {drain, rN++}
   (You found it on level 3 of the Dungeon)

   A truly terrible weapon, it drains the life of any living foe it strikes.
   rN:        It greatly protects you from negative energy.
 A - the +8 storm bow {elec, penet}
   (You found it on level 11 of the Dungeon)

   Any ammunition fired from it occasionally discharges a powerful burst of
   electricity upon striking a foe.
   Any ammunition fired by it passes through the targets it hits, potentially
   hitting all targets in its path until it reaches maximum range.
 V - the +9 scimitar "Qaebran" {spect, +Blink rPois rC- Dex+3}
   (You found it on level 2 of the Lair of Beasts)

   When its wielder attacks, the weapon's spirit leaps out and strikes again.
   The spirit shares a part of any damage it takes with its wielder.
   Dex:       It affects your dexterity (+3).
   rC:        It makes you vulnerable to cold.
   rPois:     It protects you from poison.
   +Blink:    It lets you blink.
 X - a +2 trident of protection
Missiles
 c - 399 stones
Armour
 d - +1 swamp dragon scales (worn)
 f - the +3 pair of boots "Hax Suw" {-Tele Rampage rPois Dex+7}
   (You found it on level 2 of the Snake Pit)

   Dex:       It affects your dexterity (+7).
   rPois:     It protects you from poison.
   -Tele:     It prevents most forms of teleportation.
   Rampage:   It bestows one free step when moving towards enemies.
 s - a +0 pair of boots (worn)
 u - the +0 kite shield of Cupsag (worn) {rElec Dex+3}
   (You found it on level 11 of the Dungeon)

   Dex:       It affects your dexterity (+3).
   rElec:     It insulates you from electricity.
 z - a +0 pair of gloves (worn)
 G - a +2 helmet (worn)
 P - the +9 crystal plate armour "Noahobaru" {rN+ Will- rCorr Str+4}
   (You acquired it on level 9 of the Dungeon)

   Str:       It affects your strength (+4).
   rN:        It protects you from negative energy.
   rCorr:     It protects you from acid and corrosion.
   Will:      It decreases your willpower.
 Y - a +0 cloak (worn)
Magical Staves
 E - a staff of earth
 M - a staff of cold
Jewellery
 b - a +6 ring of strength (left hand)
 e - a ring of fire
 y - a ring of see invisible
 B - a +6 ring of strength
 J - a ring of ice
 Q - a ring of willpower (right hand)
 R - a +4 ring of protection
 U - an amulet of the acrobat (around neck)
Wands
 p - a wand of charming (5)
 v - a wand of iceblast (22)
 F - a wand of acid (13)
 L - a wand of mindburst (3)
Scrolls
 a - 2 scrolls of immolation
 g - 3 scrolls of teleportation
 h - 5 scrolls of enchant weapon
 i - a scroll of magic mapping
 m - 2 scrolls of fog
 t - 3 scrolls of amnesia
 x - 2 scrolls of enchant armour
 D - a scroll of acquirement
 T - a scroll of summoning
 W - 2 scrolls of fear
Potions
 j - 4 potions of brilliance
 k - 2 potions of cancellation
 l - 2 potions of haste
 n - 5 potions of lignification
 o - 5 potions of curing
 q - a potion of resistance
 r - 4 potions of berserk rage
 C - 3 potions of might
 N - 2 potions of ambrosia
Miscellaneous
 I - a phial of floods
 Z - a condenser vane (inert)


   Skills:
 * Level 15.2 Fighting
 + Level 10.9 Armour
 - Level 1.5 Dodging
 - Level 4.0 Stealth
 + Level 4.4 Shields
 * Level 13.1 Spellcasting
 * Level 15.1 Conjurations
 - Level 0.7 Transmutations
 * Level 16.8 Earth Magic


You had 31 spell levels left.
You knew the following spells:

 Your Spells              Type           Power      Damage    Failure   Level
a - Sandblast             Erth           100%       2d20      1%          1
b - Stone Arrow           Conj/Erth      100%       3d13      1%          3
c - Iron Shot             Conj/Erth      34%        9d7       4%          6

Your spell library contained the following spells:

 Spells                   Type           Power      Damage    Failure   Level
 Shock                    Conj/Air       100%       1d9       1%          1
 Passwall                 Tmut/Erth      41%        N/A       1%          2
 Petrify                  Tmut/Erth      50%        N/A       5%          4
 Animate Armour           Summ/Erth      98%        N/A       6%          4
 Flame Wave               Conj/Fire      45%        2d10      9%          4
 Sting                    Tmut/Pois      60%        1d6       19%         1
 Borgnjor's Vile Clutch   Necr/Erth      24%        N/A       19%         5
 Slow                     Hex            52%        N/A       21%         1
 Poisonous Vapours        Pois/Air       26%        N/A       30%         2
 Scorch                   Fire           26%        2d6       30%         2
 Confusing Touch          Hex            13%        N/A       52%         3
 Gell's Gravitas          Tloc           13%        N/A       52%         3
 Inner Flame              Hex/Fire       13%        N/A       52%         3
 Lesser Beckoning         Tloc           13%        N/A       52%         3
 Swiftness                Air            13%        N/A       52%         3
 Teleport Other           Tloc           13%        N/A       52%         3
 Tukima's Dance           Hex            13%        N/A       52%         3
 Vampiric Draining        Necr           13%        2d6       52%         3
 Airstrike                Air            6%         N/A       90%         4
 Animate Dead             Necr           6%         N/A       90%         4
 Cause Fear               Hex            6%         N/A       90%         4
 Olgreb's Toxic Radiance  Pois           13%        N/A       90%         4
 Passage of Golubria      Tloc           13%        N/A       90%         4
 Blade Hands              Tmut           8%         N/A       99%         5
 Summon Forest            Summ/Tloc      6%         N/A       99%         5
 Summon Mana Viper        Hex/Summ       13%        N/A       99%         5
 Yara's Violent Unravell  Hex/Tmut       7%         3d5       99%         5
 Death Channel            Necr           6%         N/A       100%        6
 Summon Cactus Giant      Summ           6%         N/A       100%        6
 Discord                  Hex            6%         N/A       100%        8


Dungeon Overview and Level Annotations

Branches:
Dungeon (11/15)            Temple (1/1) D:7            Lair (6/6) D:10
 Shoals (0/4) Lair:4        Snake (3/4) Lair:4        Slime (0/5) Lair:5
    Orc (2/2) D:11            Elf (0/3) Orc:2

Altars:
Ashenzari
Cheibriados
Dithmenos
Elyvilon
Fedhas
Gozag
Hepliaklqana
Kikubaaqudgha
Makhleb
Nemelex Xobeh
Okawaru
Qazlal
Ru
Sif Muna
Trog
Uskayaw
Vehumet
Wu Jian
Xom
Yredelemnul
Zin
The Shining One
Beogh
Jiyva
Lugonu

Shops:
D:8 ?   Orc:2 =!=*(   Snake:1 *   Snake:3 (?[

Portals:
Abyss: Lair:6
Pandemonium: Orc:2

Annotations:
D:7 1 transporter, Lemuel's ghost, novice MiFi
D:10 2 transporters
Lair:6 2 transporters, kalagan's ghost, journeyman DECj
Snake:2 Vashnia


Innate Abilities, Weirdness & Mutations

You are immune to sickness and miasma.
Your stone body is resilient. (AC +12)
You are immune to poison.
Your large and strong wings let you fly.
You resist negative energy. (rN+)
You are resistant to electric shocks. (rElec)
You are resistant to unholy torment.
You are immune to petrification.
You are agile. (Dex +2)
You are occasionally teleported next to monsters.


Message History

Aim: a salamander, wielding a +3 vorpal spear (moderately wounded, 87% to hit)
The stone arrow hits the salamander!!
The salamander is severely wounded.
The salamander hits you but does no damage.
Unknown command.
Casting: Stone Arrow (safe; 1% risk of failure)
Confirm with . or Enter, or press ? or * to list all spells.
Aiming: Stone Arrow (safe; 1% risk of failure)
Press: ? - help, Shift-Dir - straight line, f/p - salamander
Aim: a salamander, wielding a +3 vorpal spear (heavily wounded, 87% to hit)
The stone arrow misses the salamander.
The salamander completely misses you.
Unknown command.
The salamander hits you with a +3 vorpal spear.
You are engulfed in flames!
You barely miss the salamander.
The salamander is heavily wounded.
The salamander hits you but does no damage.
You hit the salamander. You drain the salamander.
The salamander is severely wounded.
You block the salamander's attack.
The salamander hits you with a +3 vorpal spear!
* * * LOW HITPOINT WARNING * * *
You are engulfed in flames!
* * * LOW HITPOINT WARNING * * *
x2 A red film seems to cover your vision as you go berserk!
You feel yourself moving faster!
You feel mighty! The salamander closely misses you.
You slash the salamander!
The salamander is almost dead.
You block the salamander's attack.
You slash the salamander!
The salamander is almost dead.
You block the salamander's attack.
You barely miss the salamander.
The salamander is almost dead.
The salamander hits you with a +3 vorpal spear!
* * * LOW HITPOINT WARNING * * *
You are engulfed in flames!
* * * LOW HITPOINT WARNING * * *
You die...

.....# .S..S#
.....# .....# .
....N#
..############...#
.....#
.....)†N@........#
..S..#
.................#
.<...#
..################
.....# .....S...
.N..N....
......### .....##
.....#


You could see a salamander (drained).

Vanquished Creatures
  Saint Roka (Snake:2)
  Gastronok (D:11)
  A nagaraja (Snake:3)
  Snorg (Lair:4)
  Josephine (D:11)
  6 naga warriors
  A salamander tyrant (Snake:2)
  2 centaur warriors (D:11)
  A demonspawn (Orc:2)
  10 hydras
  3 anacondas
  3 two-headed ogres
  4 orc high priests (Orc:2)
  3 thrashing horrors (Lair:6)
  5 naga sharpshooters
  6 shock serpents
  15 death yaks
  Nergalle (Lair:3)
  A skeletal warrior (D:10)
  2 salamander mystics (Snake:2)
  2 large abominations
  A sixfirhy (Orc:2)
  3 naga ritualists
  6 orc knights
  A deep elf pyromancer (D:9)
  A cyclops (D:11)
  3 mana vipers
  An ugly thing (D:11)
  8 orc sorcerers (Orc:2)
  A manticore (D:11)
  11 salamanders
  A merfolk siren (Lair:4)
  19 elephants
  2 guardian serpents (Snake:3)
  3 centaur zombies (D:11)
  5 naga magi
  A rust devil (Orc:2)
  2 smoke demons (Lair:6)
  28 black mambas
  An unseen horror (D:11)
  11 cane toads
  5 rime drakes
  12 komodo dragons
  A freezing wraith (D:10)
  An ancient zyme (Lair:6)
  4 trolls
  2 polar bears
  A wind drake (shapeshifter) (Lair:6)
  A hornet (D:8)
  20 blink frogs
  6 slime creatures
  4 dream sheep (Lair:6)
  3 ynoxinuls
  A culicivora (shapeshifter) (Lair:6)
  5 wraiths (D:11)
  36 yaks
  A wyvern (Lair:6)
  A spriggan (Lair:6)
  Grum (D:9)
  3 chaos spawn
  Eustachio (D:5)
  8 basilisks
  A vampire mosquito (D:8)
  23 nagas
  4 wargs
  2 acid dragons
  17 water moccasins
  3 sky beasts
  33 orc warriors
  An ice beast (D:6)
  A black bear (Lair:3)
  3 necrophages
  6 ogres
  11 wolves
  12 small abominations
  8 centaurs
  2 kobold brigands
  Blork the orc (D:6)
  15 bullfrogs
  2 scorpions
  14 killer bees
  4 electric eels
  9 wights
  3 howler monkeys (D:8)
  10 hounds
  20 orc priests
  A jelly (D:5)
  A bullfrog skeleton (D:5)
  Ijyb (D:3)
  Jessica (D:2)
  4 iguanas
  10 orc wizards
  3 howler monkey zombies
  A howler monkey skeleton (D:7)
  5 adders
  3 gnolls (D:3)
  4 white imps
  5 ufetubi
  An adder skeleton (D:4)
  A worm (D:3)
  2 dart slugs (D:4)
  63 orcs
  3 ball pythons
  3 bats
  8 endoplasms
  7 goblins
  7 hobgoblins
  3 jackals (D:2)
  7 quokkas
  3 frilled lizards
  12 kobolds
  2 rats
662 creatures vanquished.

Vanquished Creatures (others)
  An unseen horror (shapeshifter) (Lair:6)
  17 fungi
  16 plants
34 creatures vanquished.

Grand Total: 696 creatures vanquished

Notes
Turn   | Place    | Note
-------+----------+-------------------------------------------
     0 | D:1      | Kaptain the Gargoyle Earth Elementalist began the quest for
                  | the Orb.
     0 | D:1      | Reached XP level 1. HP: 10/10 MP: 3/3
   149 | D:1      | Reached XP level 2. HP: 16/16 MP: 3/5
   752 | D:2      | Reached skill level 1 in Conjurations
   837 | D:2      | Noticed Jessica
   838 | D:2      | Killed Jessica
   839 | D:2      | Reached skill level 1 in Fighting
   839 | D:2      | Reached skill level 1 in Armour
   839 | D:2      | Reached skill level 4 in Earth Magic
   839 | D:2      | Reached XP level 3. HP: 20/20 MP: 4/6
   843 | D:2      | Learned a level 3 spell: Stone Arrow
  1027 | D:2      | Found a shimmering blue altar of Sif Muna.
  1071 | D:2      | Reached XP level 4. HP: 22/25 MP: 1/7
  2001 | D:3      | Reached XP level 5. HP: 21/30 MP: 0/8
  2233 | D:3      | Noticed Ijyb
  2236 | D:3      | Killed Ijyb
  2479 | D:3      | Noticed a sky beast
  2490 | D:3      | Killed a sky beast
  2491 | D:3      | Reached XP level 6. HP: 27/36 MP: 0/10
  2686 | D:3      | Found a faded altar of an unknown god.
  2816 | D:3      | Identified the +10 falchion "Pauhuado" {drain, rN++}
  3130 | D:4      | Reached skill level 5 in Earth Magic
  3537 | D:4      | You fall into a shaft and drop 3 floors!
  3595 | D:6      | Noticed Blork the orc
  3598 | D:6      | Killed Blork the orc
  3599 | D:6      | Reached XP level 7. HP: 41/41 MP: 10/12
  3810 | D:6      | Found a shimmering blue altar of Sif Muna.
  3812 | D:6      | Found an opulent altar of Gozag.
  3884 | D:6      | Found a hazy altar of Hepliaklqana.
  3886 | D:6      | Found a glowing silver altar of Zin.
  3887 | D:6      | Found a broken altar of Ashenzari.
  4048 | D:5      | Entered Level 5 of the Dungeon
  4536 | D:5      | Reached skill level 6 in Earth Magic
  4591 | D:5      | Reached XP level 8. HP: 48/48 MP: 6/13
  4741 | D:5      | Found a shadowy altar of Dithmenos.
  4898 | D:5      | Noticed Eustachio
  4915 | D:5      | Killed Eustachio
  5156 | D:5      | Reached skill level 5 in Fighting
  5618 | D:6      | Reached skill level 5 in Conjurations
  5767 | D:6      | Reached skill level 7 in Earth Magic
  5946 | D:7      | Reached XP level 9. HP: 54/54 MP: 12/16
  5973 | D:7      | Found a staircase to the Ecumenical Temple.
  6100 | Temple   | Entered the Ecumenical Temple
  6346 | D:7      | Reached skill level 5 in Spellcasting
  6836 | D:7      | Found a transporter.
  6980 | D:7      | Noticed a queen bee
  6980 | D:7      | Noticed a hornet
  7005 | D:7      | Noticed Lemuel's ghost (novice MiFi)
  7276 | D:7      | Reached skill level 8 in Earth Magic
  7550 | D:7      | Found an iron altar of Okawaru.
  7577 | D:7      | Found an ancient bone altar of Kikubaaqudgha.
  7580 | D:7      | Found a shimmering altar of Xom.
  7592 | D:7      | Found a white marble altar of Elyvilon.
  7754 | D:8      | Found a bloodstained altar of Trog.
  7993 | D:8      | Noticed a hornet
  7999 | D:8      | Killed a hornet
  8237 | D:8      | Reached XP level 10. HP: 35/61 MP: 6/19
  8364 | D:8      | Found Puarif's Magic Scroll Shoppe.
  8370 | D:8      | Bought a scroll of teleportation for 33 gold pieces
  8564 | D:8      | Found a sparkling altar of Nemelex Xobeh.
  8615 | D:8      | HP: 2/63 [centaur/arrow (6)]
  9474 | D:9      | Reached skill level 5 in Armour
  9585 | D:9      | Reached skill level 9 in Earth Magic
  9765 | D:9      | Noticed Grum
  9772 | D:9      | Killed Grum
 10171 | D:9      | Noticed a deep elf pyromancer
 10177 | D:9      | Killed a deep elf pyromancer
 10649 | D:9      | Identified a scroll of acquirement
 10986 | D:10     | Entered Level 10 of the Dungeon
 10992 | D:10     | Reached XP level 11. HP: 67/69 MP: 5/21
 11117 | D:10     | Found a transporter.
 11117 | D:10     | Found a transporter.
 11117 | D:10     | Noticed a cyclops
 11117 | D:10     | Noticed an orc sorcerer
 11121 | D:10     | Noticed an orc high priest
 11200 | D:10     | Reached skill level 10 in Earth Magic
 11582 | D:10     | Found a burning altar of Makhleb.
 11582 | D:10     | Noticed a green death
 11612 | D:10     | Noticed a two-headed ogre
 11618 | D:10     | Killed a two-headed ogre
 11979 | D:10     | Found a staircase to the Lair.
 12653 | Lair:1   | Entered Level 1 of the Lair of Beasts
 12693 | Lair:1   | Identified the +1 robe of Recklessness {+Inv}
 13620 | Lair:1   | Reached skill level 11 in Earth Magic
 14035 | Lair:2   | Identified the +9 scimitar "Qaebran" {spect, +Blink rPois
                  | rC- Dex+3}
 14808 | Lair:2   | Reached XP level 12. HP: 77/77 MP: 17/24
 15217 | Lair:3   | Noticed a four-headed hydra
 15229 | Lair:3   | Killed a four-headed hydra
 15230 | Lair:3   | Reached skill level 10 in Fighting
 15417 | Lair:3   | Noticed a five-headed hydra
 15421 | Lair:3   | Killed a five-headed hydra
 15422 | Lair:3   | Reached skill level 10 in Conjurations
 15984 | Lair:3   | Noticed a four-headed hydra
 15993 | Lair:3   | Killed a four-headed hydra
 16158 | Lair:3   | Reached skill level 12 in Earth Magic
 16302 | Lair:3   | Noticed a death yak
 16302 | Lair:3   | Noticed a death yak
 16303 | Lair:3   | Noticed a death yak
 16304 | Lair:3   | Noticed a death yak
 16304 | Lair:3   | Noticed a death yak
 16338 | Lair:2   | Killed a death yak
 16655 | Lair:3   | Noticed Nergalle
 16662 | Lair:3   | Killed Nergalle
 16967 | Lair:4   | Noticed a five-headed hydra
 16971 | Lair:4   | Killed a five-headed hydra
 17195 | Lair:3   | Killed a death yak
 17354 | Lair:2   | Killed a death yak
 17447 | Lair:3   | Killed a death yak
 17448 | Lair:3   | Reached XP level 13. HP: 82/84 MP: 11/26
 17797 | Lair:4   | Noticed Snorg
 17803 | Lair:4   | Killed Snorg
 18088 | Lair:4   | Found a staircase to the Snake Pit.
 18330 | Lair:4   | Reached skill level 13 in Earth Magic
 18756 | Lair:4   | Reached skill level 10 in Spellcasting
 19578 | Lair:4   | Found a staircase to the Shoals.
 20202 | Lair:5   | Found a staircase to the Slime Pits.
 20373 | Lair:5   | Learned a level 6 spell: Iron Shot
 21458 | Lair:5   | Gained mutation: Your large and strong wings let you fly.
                  | [Gargoyle growth]
 21458 | Lair:5   | Reached XP level 14. HP: 92/92 MP: 18/28
 21816 | Lair:3   | Reached skill level 14 in Earth Magic
 22632 | Lair:5   | Found a viscous altar of Jiyva.
 23139 | Lair:5   | You are sucked into a shaft and drop 1 floor!
 23139 | Lair:6   | Entered Level 6 of the Lair of Beasts
 23140 | Lair:6   | Found a transporter.
 23247 | Lair:6   | Noticed kalagan's ghost (journeyman DECj)
 23723 | Lair:6   | Found a transporter.
 24403 | Lair:6   | Acquired the +9 crystal plate armour "Noahobaru" {rN+ Will-
                  | rCorr Str+4}
 27112 | Lair:6   | Found a corrupted altar of Lugonu.
 27112 | Lair:6   | Found a one-way gate to the infinite horrors of the Abyss.
 27390 | D:10     | Reached skill level 15 in Earth Magic
 27686 | D:11     | Reached XP level 15. HP: 99/99 MP: 15/30
 28405 | D:11     | Found a staircase to the Orcish Mines.
 28573 | D:11     | Found the +8 storm bow {elec, penet}
 28609 | D:11     | Identified the +0 kite shield of Cupsag {rElec Dex+3}
 28760 | D:11     | Noticed Josephine
 28766 | D:11     | Killed Josephine
 29002 | D:11     | Noticed Gastronok
 29013 | D:11     | Killed Gastronok
 29539 | Orc:1    | Entered Level 1 of the Orcish Mines
 30059 | Orc:2    | Entered Level 2 of the Orcish Mines
 31166 | Orc:2    | Reached skill level 10 in Armour
 31247 | Orc:2    | Found Wiettiy's General Store.
 31806 | Orc:2    | Found Hiur's Distillery.
 32014 | Orc:2    | Bought 2 potions of degeneration for 28 gold pieces
 32014 | Orc:2    | Bought a potion of heal wounds for 70 gold pieces
 32137 | Orc:2    | Reached skill level 1 in Shields
 33435 | Orc:2    | Found Jicuddao's Jewellery Boutique.
 33435 | Orc:2    | Found Jyjir's Antique Weapon Shop.
 33436 | Orc:2    | Found a one-way gate leading to the halls of Pandemonium.
 33577 | Orc:2    | Found a staircase to the Elven Halls.
 33722 | Orc:2    | Found Caucsoam's Jewellery Shoppe.
 33996 | Snake:1  | Entered Level 1 of the Snake Pit
 34149 | Snake:1  | Found a shimmering altar of Xom.
 34295 | Snake:1  | Found Esukiup's Assorted Antiques.
 34398 | Snake:1  | Bought a translucent morningstar for 270 gold pieces
 34398 | Snake:1  | Identified the +1 morningstar "Yrghuzont" {vorpal, rPois
                  | Str+3} (You bought it in a shop on level 1 of the Snake
                  | Pit)
 34398 | Snake:1  | Bought a warped scimitar for 270 gold pieces
 34398 | Snake:1  | Identified the +1 scimitar of the Pill Bug {flame, rPois
                  | Dex-4 SInv} (You bought it in a shop on level 1 of the
                  | Snake Pit)
 34785 | Snake:1  | Reached skill level 16 in Earth Magic
 34907 | Snake:1  | Gained mutation: You are clumsy. (Dex -2) [potion of
                  | mutation]
 34907 | Snake:1  | Gained mutation: A frigid envelope surrounds you and
                  | freezes all who hurt you. [potion of mutation]
 34908 | Snake:1  | Lost mutation: A frigid envelope surrounds you and freezes
                  | all who hurt you. [potion of mutation]
 34908 | Snake:1  | Lost mutation: You are clumsy. (Dex -2) [potion of
                  | mutation]
 34908 | Snake:1  | Gained mutation: You are weak. (Str -2) [potion of
                  | mutation]
 34908 | Snake:1  | Gained mutation: You have sharp toenails. [potion of
                  | mutation]
 34909 | Snake:1  | Lost mutation: You have sharp toenails. [potion of
                  | mutation]
 34909 | Snake:1  | Lost mutation: You are weak. (Str -2) [potion of mutation]
 34909 | Snake:1  | Gained mutation: You tend to lose your temper in combat.
                  | [potion of mutation]
 34909 | Snake:1  | Gained mutation: Your mind is acute. (Int +2) [potion of
                  | mutation]
 34986 | Snake:1  | Lost mutation: You tend to lose your temper in combat.
                  | [potion of mutation]
 34986 | Snake:1  | Lost mutation: Your mind is acute. (Int +2) [potion of
                  | mutation]
 34986 | Snake:1  | Gained mutation: You are partially covered in iridescent
                  | scales. (AC +2) [potion of mutation]
 34986 | Snake:1  | Gained mutation: You are weak. (Str -2) [potion of
                  | mutation]
 34986 | Snake:1  | Gained mutation: You are agile. (Dex +2) [potion of
                  | mutation]
 35701 | Snake:2  | Reached XP level 16. HP: 86/107 MP: 22/32
 36487 | Snake:2  | Noticed Vashnia
 36730 | Snake:2  | Lost mutation: You are agile. (Dex +2) [potion of mutation]
 36730 | Snake:2  | Lost mutation: You are weak. (Str -2) [potion of mutation]
 36730 | Snake:2  | Lost mutation: You are partially covered in iridescent
                  | scales. (AC +2) [potion of mutation]
 36730 | Snake:2  | Gained mutation: You are agile. (Dex +2) [potion of
                  | mutation]
 36730 | Snake:2  | Gained mutation: You are occasionally teleported next to
                  | monsters. [potion of mutation]
 36961 | Snake:2  | Identified the +3 pair of boots "Hax Suw" {-Tele Rampage
                  | rPois Dex+7}
 39064 | Snake:3  | Noticed Saint Roka
 39588 | Snake:3  | Identified the +5 hunting sling of Doom {venom, Int+6}
 39783 | Snake:3  | Reached skill level 15 in Fighting
 40229 | Snake:3  | Reached skill level 15 in Conjurations
 40321 | Snake:3  | Noticed a nagaraja
 40322 | Snake:3  | Found Fibaykuu's Weapon Emporium.
 40328 | Snake:3  | Killed a nagaraja
 40329 | Snake:3  | Found Sooto's Magic Scroll Shoppe.
 40331 | Snake:3  | Found Red Naso's Antique Armour Emporium.
 40339 | Snake:3  | Bought an encrusted cloak for 323 gold pieces
 40339 | Snake:3  | Identified the +1 cloak of Vyinasse {Rampage} (You bought
                  | it in a shop on level 3 of the Snake Pit)
 40587 | Snake:2  | Killed Saint Roka
 41199 | Snake:3  | HP: 3/162 [salamander/+3 vorpal spear (10)]
 41199 | Snake:3  | Slain by a salamander

Illustrated notes

Levels and vault maps discovered:
D:1:      elethiomel_arrival_quiet, layout_rooms
D:2:      minmay_razor_zed, layout_loops_ring, basic_altar, grunt_ministairs_7,
          uniq_jessica
D:3:      layout_loops_corners, basic_ecumenical_altar, uniq_ijyb
D:4:      layout_gridville
D:5:      layout_rooms, grunt_dithmenos_smoke_and_mirrors, uniq_eustachio
D:6:      layout_loops_corners, grunt_temple_overflow_open, uniq_blork_the_orc
D:7:      layout_cave_pools, grunt_temple_overflow_cloverleaf,
          minmay_temple_entry_arrows, gammafunk_ghost_hive, eino_jars
D:8:      layout_rooms, lemuel_crystal_altar, trog_book, serial_shops, shop,
          hex_tiny, chequers_serial_rivers_micro_c, minmay_starry_boxes
D:9:      layout_stronghold, small_statue_intersection, uniq_grum
D:10:     gammafunk_beogh_shrine, layout_gridville, makhleb_altar_promises_db,
          erik_lair_island
D:11:     layout_basic, orc_david_3, hex_medium, minmay_the_grid_2x2
          [minmay_the_grid_all_tris, minmay_the_grid_minigrid_small_alt,
          minmay_the_grid_outer_circle, minmay_the_grid_prize_trominoes],
          uniq_josephine, uniq_gastronok
Temple:   jpeg_temple_island
Lair:1:   layout_misc_corridors, eino_small_chamber_without_monster,
          grunt_megastairs_5
Lair:2:   layout_cave_pods
Lair:3:   layout_roguey, uniq_nergalle
Lair:4:   beast_lair_carwin_large_1, layout_cave_pods, elwin_shoals_entry_rooms,
          guppyfry_snake_entry_island, uniq_snorg
Lair:5:   layout_hall_layers, slime_altar_1, beast_lair_carwin_3
Lair:6:   hellmonk_lair_end_abyssal_woods, layout_cave_shapes,
          gammafunk_ghost_arena
Snake:1:  layout_onion_interference, basic_altar, serial_shops,
          nicolae_shop_stone, grunt_megastairs_3, lemuel_fruit_tree
Snake:2:  layout_honeycomb, uniq_vashnia
Snake:3:  layout_gridlike, basic_altar, nicolae_snake_gridmaze_zigzag,
          nicolae_snake_omega, minmay_shop_star, uniq_saint_roka
Orc:1:    layout_caves, hellmonk_bongcloud_opening, lightli_church_of_beogh
Orc:2:    pf_orc_diabolical, layout_caves, serial_shops, shop, basic_altar

Skill      XL: |  1  2  3  4  5  6  7  8  9 10 11 12 13 14 15 16 |
---------------+-------------------------------------------------+-----
Conjurations   | 1 2 3 5 6 8 9 10 12 13 14 15 | 15.1
Fighting       | 1 2 3 4 5 6 8 9 11 12 13 14 15 | 15.2
Armour         | 1 2 3 4 5 6 7 8 9 10 | 10.9
Earth Magic    | 4 5 6 7 8 9 11 12 13 15 16 | 16.8
Stealth        | 3 4 |  4.0
Spellcasting   | 3 4 6 7 8 9 10 11 12 13 | 13.1
Shields        | 2 4 |  4.4
Dodging        | |  1.5
Transmutations | |  0.7

Action                   |  1- 3 |  4- 6 |  7- 9 | 10-12 | 13-15 | 16-18 || total
-------------------------+-------+-------+-------+-------+-------+-------++-------
Melee: Hand axe          |     4 |    26 |       |       |       |       ||    30
       Falchion          |       |    29 |    79 |   130 |   241 |    90 ||   569
       Punch             |       |       |     1 |     1 |     4 |       ||     6
 Cast: Sandblast         |    29 |    36 |    39 |    18 |    28 |    17 ||   167
       Stone Arrow       |       |     4 |    75 |   279 |   795 |   229 ||  1382
       Iron Shot         |       |       |       |       |       |     8 ||     8
Evoke: Wand              |       |       |       |       |       |     3 ||     3
       Condenser vane    |       |       |       |       |       |     1 ||     1
  Use: Scroll            |       |       |    15 |     2 |    12 |     2 ||    31
       Potion            |       |       |       |     5 |     6 |    10 ||    21
 Stab: Sleeping          |       |     3 |       |       |       |       ||     3
       Invisible         |       |       |       |       |       |     1 ||     1
Armor: Leather armour    |     9 |    28 |    96 |       |       |       ||   133
       Swamp dragon scal |       |       |    10 |   185 |   195 |    74 ||   464
       Skin              |       |       |       |     3 |       |       ||     3
       Crystal plate arm |       |       |       |       |   716 |   226 ||   942
Dodge: Dodged            |     3 |    32 |   109 |   174 |   356 |   112 ||   786
Block: Kite shield       |       |       |       |       |       |    46 ||    46
